AoeStats
← lethalyabbie

Arabia

504145105Analyzed
1v1 RM · 29d ago on Sep 4, 2026· 52m 20s· 2 players
Game mode
Random Map
Map size
Tiny (2 player)
Population
200
Speed
Normal
Resources
Standard
Victory
Conquest
Starting age
Dark Age
Ending age
Imperial Age
RankedLock teamsTeams togetherTeam positionsShared explorationLock speedFull tech treeHidden civsTurbo modeCheats
Victory
Defeat
🇮🇪 Magyars · Ireland
744
+14
🇦🇺 Japanese · Australia
702
-14
lethalyabbie
7:42 Loom
10:27 Feudal Age
13:16 Wheelbarrow
13:22 Double-Bit Axe
16:57 Horse Collar
25:40 Castle Age
24:36 Scale Mail Armor
24:52 Forging
25:00 Fletching
25:11 Padded Archer Armor
27:04 Bow Saw
26:24 Crossbowman
28:43 Pikeman
39:39 Chain Mail Armor
46:44 Imperial Age
48:05 Ballistics
48:33 Arbalester
cagriduzgunn
6:57 Loom
10:02 Feudal Age
12:38 Wheelbarrow
21:00 Double-Bit Axe
22:35 Bloodlines
25:04 Castle Age
23:04 Gold Mining
25:15 Stone Mining
26:41 Bow Saw
27:40 Gold Shaft Mining
27:32 Bloodlines
27:23 Husbandry
27:15 Crossbowman
28:54 Scale Barding Armor
28:18 Light Cavalry
29:42 Hand Cart
31:09 Thumb Ring
33:14 Elite Skirmisher
40:15 Imperial Age
39:21 Fletching
39:31 Padded Archer Armor
40:35 Hussar
44:34 Chain Barding Armor
44:10 Bodkin Arrow
44:30 Leather Archer Armor
Connection lost

Rejoining the realm…

Still unreachable

The connection could not be restored.

Session expired

The server has moved on; the page needs a fresh start.